 Dungeon Crawl Stone Soup version 0.23-b1-13-gf37ab262a9 (webtiles) character file.

Game seed: 10104305190483357711

617247 DildoBatman the Petrodigitator (level 27, -2/209 HPs)
             Began as a Formicid Wizard on Feb 3, 2019.
             Was an Initiate of Gozag.
             Slain by an emperor scorpion (8 damage)
             ... summoned by a greater mummy
             ... on level 2 of the Tomb of the Ancients.
             The game lasted 05:45:58 (62049 turns).

DildoBatman the Petrodigitator (Formicid Wizard)   Turns: 62049, Time: 05:45:59

Health: -2/209     AC: 25    Str: 16 (20) XL:     27
Magic:  0/53       EV: 14    Int: 41      God:    Gozag
Gold:   15863      SH:  0    Dex: 22      Spells: 20/60 levels left

rFire    + + +     SeeInvis +   a - +10 falchion of Valiance {venom, +Fly rPois Int+4 Dex+4}
rCold    + + .     Gourm    .   I - +0 large shield
rNeg     + + +     Faith    .   o - +4 moon troll leather armour {Spirit, Regen++ MP+5}
rPois    ∞         Spirit   +   (helmet unavailable)
rElec    +         Reflect  .   R - +2 cloak
rCorr    +         Harm     .   i - +2 pair of gloves {archery}
MR       +++++                  t - +0 pair of boots
Stlth    ++++......             m - amulet of magic regeneration
HPRegen  1.24/turn              g - ring "Avawarime" {*Contam rElec MR+ Int+4 Dex+4}
MPRegen  0.58/turn              S - ring of the Moon {rPois rF+ MR+ AC+2}

@: mighty, brilliant, agile, lich-form, resistant, gold aura, held
A: permanent stasis, dig shafts and tunnels, four strong arms, antennae 3, large
bone plates 1, fire resistance 1, high mp 1, robust 1
}: 2/15 runes: serpentine, barnacled
a: Dig, Shaft Self, End Transformation, Potion Petition, Call Merchant, Bribe
Branch, Renounce Religion, Evoke Flight


You were on level 2 of the Tomb of the Ancients.
You worshipped Gozag.
Gozag was extremely pleased with you.
You were not hungry.
You were a lich.
You visited 11 branches of the dungeon, and saw 49 of its levels.
You also visited: Trove, Bailey, Gauntlet, Ice Cave, Volcano and Wizlab.

You collected 28860 gold pieces.
You spent 10876 gold pieces at shops.
You paid 2121 gold pieces to Gozag.

Inventory:

Hand Weapons
 a - the +10 falchion of Valiance (weapon) {venom, +Fly rPois Int+4 Dex+4}
   (You bought it in a shop on level 2 of the Orcish Mines)

   It poisons the flesh of those it strikes.
   It affects your intelligence (+4).
   It affects your dexterity (+4).
   It protects you from poison.
   It lets you fly.
 c - the +9 heavy crossbow "Sniper" {velocity, Acc+∞ SInv}
   (You found it on level 4 of the Depths)

   Any bolt fired from it inflicts extra damage.
   It lets you see invisible.
 e - the +8 autumn katana {slice, Clar}
   (You bought it in a shop on level 2 of the Orcish Mines)

   It inflicts extra damage upon your enemies.
   It protects you against confusion.
 K - the +6 arbalest "Damnation" {damnation}
   (You found it on level 3 of the Elven Halls)
Missiles
 h - 1922 bolts
Armour
 i - a +2 pair of gloves of archery (worn)
 o - the +4 moon troll leather armour (worn) {Spirit, Regen++ MP+5}
   (You bought it in a shop on level 3 of the Lair of Beasts)

   It affects your magic capacity (+5).
   It increases your rate of regeneration.
 t - a +0 pair of boots (worn)
 I - a +0 large shield (worn)
 R - a +2 cloak (worn)
Magical Staves
 b - an uncursed staff of energy
Jewellery
 g - the ring "Avawarime" (left hand) {*Contam rElec MR+ Int+4 Dex+4}
   (You found it in a treasure trove)

   [ring of intelligence]

   It affects your intelligence (+4).
   It affects your dexterity (+4).
   It insulates you from electricity.
   It affects your resistance to hostile enchantments.
   It causes magical contamination when unequipped.
 m - an amulet of magic regeneration (around neck)
 S - the ring of the Moon (right hand) {rPois rF+ MR+ AC+2}
   (You took it off a deep elf mage on level 3 of the Elven Halls)

   [ring of protection]

   It affects your AC (+2).
   It protects you from fire.
   It protects you from poison.
   It affects your resistance to hostile enchantments.
Wands
 r - a wand of acid (11)
 s - a wand of clouds (5)
 Q - a wand of scattershot (5)
Scrolls
 j - a scroll of amnesia
 x - 31 scrolls of remove curse
 y - 4 scrolls of fear
 z - 12 scrolls of identify
 C - 5 scrolls of magic mapping
 H - 4 scrolls of silence
 L - 4 scrolls of immolation
 N - 3 scrolls of summoning
 O - 10 scrolls of fog
 T - 2 scrolls of torment
Potions
 d - 9 potions of heal wounds
 f - 3 potions of brilliance
 l - 20 potions of curing
 n - a potion of agility
 p - 12 potions of might
 q - 3 potions of magic
 u - a potion of resistance
 J - a potion of cancellation
Miscellaneous
 w - 4 sacks of spiders
 D - a lamp of fire
 G - 3 boxes of beasts
 P - a phial of floods
 V - 2 phantom mirrors
Comestibles
 v - 45 rations


   Skills:
 - Level 10.0 Fighting
   Level 5.2(8.0) Short Blades
 - Level 9.4(10.0) Long Blades
   Level 3.0 Axes
 - Level 5.0 Crossbows
 - Level 2.2 Throwing
 - Level 9.0 Armour
 - Level 7.0 Dodging
 - Level 6.0 Stealth
 - Level 15.0 Shields
 - Level 17.0 Spellcasting
   Level 5.0 Conjurations
 - Level 12.0 Hexes
 - Level 6.0 Charms
   Level 1.0 Summonings
 - Level 20.0 Necromancy
   Level 0.8 Translocations
 - Level 18.0 Transmutations
   Level 2.0 Fire Magic
 - Level 6.0 Ice Magic
 * Level 13.1 Air Magic
 O Level 27 Earth Magic
   Level 8.0 Poison Magic
 - Level 6.0 Evocations


You had 20 spell levels left.
You knew the following spells:

 Your Spells              Type           Power        Failure   Level  Hunger
a - Borgnjor's Vile Clut  Necr/Erth      #########.   0%          5    N/A
b - Shatter               Erth           ########..   1%          9    N/A
c - Dispel Undead         Necr           ########     0%          5    N/A
d - Necromutation         Tmut/Necr      ########..   1%          8    N/A
e - Regeneration          Chrm/Necr      ########..   0%          3    N/A
f - Ozocubu's Armour      Chrm/Ice       #######.     1%          3    N/A
h - Spectral Weapon       Hex/Chrm       #######.     1%          3    N/A
i - Swiftness             Chrm/Air       #######.     1%          2    N/A
z - Sublimation of Blood  Necr           ########..   0%          2    N/A

Your spell library contained the following spells:

 Spells                   Type           Power        Failure   Level  Hunger
 Animate Skeleton         Necr           N/A          0%          1    N/A
 Beastly Appendage        Tmut           ######       0%          1    N/A
 Confusing Touch          Hex            ######       0%          1    N/A
 Corona                   Hex            #######      0%          1    N/A
 Pain                     Necr           ####         0%          1    N/A
 Sandblast                Erth           ######       0%          1    N/A
 Shock                    Conj/Air       ####         0%          1    N/A
 Corpse Rot               Necr           N/A          0%          2    N/A
 Passwall                 Tmut/Erth      ########     0%          2    N/A
 Poisonous Vapours        Pois/Air       ######       0%          2    N/A
 Slow                     Hex            ########     0%          2    N/A
 Sticks to Snakes         Tmut           ########     0%          2    N/A
 Confuse                  Hex            ########     0%          3    N/A
 Spider Form              Tmut/Pois      ########..   0%          3    N/A
 Stone Arrow              Conj/Erth      ######       0%          3    N/A
 Tukima's Dance           Hex            ########     0%          3    N/A
 Vampiric Draining        Necr           ########..   0%          3    N/A
 Animate Dead             Necr           N/A          0%          4    N/A
 Leda's Liquefaction      Hex/Erth       ########..   0%          4    N/A
 Petrify                  Tmut/Erth      ########     0%          4    N/A
 Agony                    Necr           ########     0%          5    N/A
 Blade Hands              Tmut           ########..   0%          5    N/A
 Lee's Rapid Deconstruct  Erth           ########..   0%          5    N/A
 Statue Form              Tmut/Erth      ########.    0%          6    N/A
 Apportation              Tloc           ######       1%          1    N/A
 Flame Tongue             Conj/Fire      #####        1%          1    N/A
 Freeze                   Ice            ####         1%          1    N/A
 Infusion                 Chrm           ####         1%          1    N/A
 Magic Dart               Conj           ####         1%          1    N/A
 Sting                    Conj/Pois      ####         1%          1    N/A
 Summon Butterflies       Summ           ######..     1%          1    N/A
 Summon Small Mammal      Summ           ####         1%          1    N/A
 Call Imp                 Summ           ######..     1%          2    N/A
 Ensorcelled Hibernation  Hex/Ice        ######       1%          2    N/A
 Searing Ray              Conj           ######       1%          2    N/A
 Throw Flame              Conj/Fire      ######       1%          2    N/A
 Throw Frost              Conj/Ice       ######       1%          2    N/A
 Call Canine Familiar     Summ           ######..     1%          3    N/A
 Conjure Flame            Conj/Fire      ######..     1%          3    N/A
 Dazzling Spray           Conj/Hex       ######       1%          3    N/A
 Gell's Gravitas          Tloc           ######....   1%          3    N/A
 Ignite Poison            Fire/Tmut/Pois #######.     1%          3    N/A
 Inner Flame              Hex/Fire       #######.     1%          3    N/A
 Lesser Beckoning         Tloc           ######....   1%          3    N/A
 Mephitic Cloud           Conj/Pois/Air  #######.     1%          3    N/A
 Recall                   Summ/Tloc      N/A          1%          3    N/A
 Summon Guardian Golem    Hex/Summ       #######.     1%          3    N/A
 Airstrike                Air            ########..   1%          4    N/A
 Cause Fear               Hex            ########..   1%          4    N/A
 Force Lance              Conj/Tloc      ######..     1%          4    N/A
 Fulminant Prism          Conj/Hex       #######...   1%          4    N/A
 Ice Form                 Ice/Tmut       ########     1%          4    N/A
 Iskenderun's Mystic Bla  Conj           #######.     1%          4    N/A
 Olgreb's Toxic Radiance  Pois           #######.     1%          4    N/A
 Passage of Golubria      Tloc           N/A          1%          4    N/A
 Sticky Flame             Conj/Fire      ######..     1%          4    N/A
 Summon Ice Beast         Ice/Summ       ######..     1%          4    N/A
 Summon Lightning Spire   Summ/Air       #######.     1%          4    N/A
 Throw Icicle             Conj/Ice       #######.     1%          4    N/A
 Alistair's Intoxication  Tmut/Pois      ########     1%          5    N/A
 Bolt of Draining         Conj/Necr      ########..   1%          5    N/A
 Bolt of Magma            Conj/Fire/Erth ########..   1%          5    N/A
 Excruciating Wounds      Chrm/Necr      ########..   1%          5    N/A
 Fireball                 Conj/Fire      ######....   1%          5    N/A
 Irradiate                Conj/Tmut      ########..   1%          5    N/A
 Iskenderun's Battlesphe  Conj/Chrm      #######.     1%          5    N/A
 Lightning Bolt           Conj/Air       #######...   1%          5    N/A
 Metabolic Englaciation   Hex/Ice        #######...   1%          5    N/A
 Silence                  Hex/Air        ########..   1%          5    N/A
 Venom Bolt               Conj/Pois      #######...   1%          5    N/A
 Yara's Violent Unravell  Hex/Tmut       ########..   1%          5    N/A
 Bolt of Cold             Conj/Ice       #######...   1%          6    N/A
 Darkness                 Hex            ########..   1%          6    N/A
 Death Channel            Necr           ########..   1%          6    N/A
 Deflect Missiles         Chrm/Air       #######...   1%          6    N/A
 Freezing Cloud           Conj/Ice/Air   #######...   1%          6    N/A
 Hydra Form               Tmut           ########..   1%          6    N/A
 Invisibility             Hex            ########     1%          6    N/A
 Iron Shot                Conj/Erth      ########..   1%          6    N/A
 Ozocubu's Refrigeration  Ice            #######...   1%          6    N/A
 Poison Arrow             Conj/Pois      #######...   1%          6    N/A
 Simulacrum               Ice/Necr       ########..   1%          6    N/A
 Dragon Form              Tmut           ########..   1%          7    N/A
 Haunt                    Necr/Summ      ########..   1%          7    N/A
 Borgnjor's Revivificati  Necr           ########..   1%          8    N/A
 Infestation              Necr           ########..   1%          8    N/A
 Lehudib's Crystal Spear  Conj/Erth      ########..   1%          8    N/A
 Summon Forest            Summ/Tloc      ######....   2%          5    N/A
 Death's Door             Chrm/Necr      ########..   3%          8    N/A
 Bolt of Fire             Conj/Fire      ######....   4%          6    N/A
 Discord                  Hex            ########..   5%          8    N/A
 Orb of Destruction       Conj           #######...   11%         7    N/A
 Chain Lightning          Conj/Air       #######...   16%         8    N/A
 Spellforged Servitor     Conj/Summ      ######....   22%         7    N/A
 Tornado                  Air            ########..   36%         9    N/A
 Malign Gateway           Summ/Tloc      ######....   43%         7    N/A
 Monstrous Menagerie      Summ           ######....   43%         7    N/A
 Summon Greater Demon     Summ           ######....   43%         7    N/A
 Summon Hydra             Summ           ######....   43%         7    N/A
 Ignition                 Fire           ######....   88%         8    N/A
 Summon Horrible Things   Summ           ######....   95%         8    N/A
 Disjunction              Tloc           ######....   96%         8    N/A
 Glaciate                 Conj/Ice       #######...   99%         9    N/A
 Dragon's Call            Summ           ######....   100%        9    N/A
 Fire Storm               Conj/Fire      ######....   100%        9    N/A
 Blink                    Tloc           Unusable     N/A         2    N/A

Dungeon Overview and Level Annotations

Branches:
Dungeon (15/15)            Temple (1/1) D:4            Lair (6/6) D:11
 Shoals (4/4) Lair:4        Snake (4/4) Lair:3        Slime (0/5) Lair:6
    Orc (2/2) D:9             Elf (3/3) Orc:2        Vaults (4/5) D:13
  Crypt (3/3) Vaults:3       Tomb (2/3) Crypt:3      Depths (5/5) D:15
    Zot (0/5) Depths:5

Altars:
Ashenzari
Cheibriados
Dithmenos
Elyvilon
Fedhas
Gozag
Hepliaklqana
Kikubaaqudgha
Makhleb
Nemelex Xobeh
Okawaru
Qazlal
Ru
Sif Muna
Trog
Uskayaw
Vehumet
Wu Jian
Xom
Yredelemnul
Zin
The Shining One
Beogh

Shops:
D:13 (   Orc:2 *(?(   Elf:3 *   Lair:3 [   Snake:4 ::

Portals:
Hell: Depths:1 Depths:2 Depths:3 Depths:4 Depths:5
Abyss: Depths:3 Depths:4
Pandemonium: Depths:2 Depths:3
Ziggurat: Depths:2

Annotations:
Tomb:2 Frederick


Innate Abilities, Weirdness & Mutations

You cannot be hasted, slowed, berserked, paralysed or teleported.
You can dig through walls and to a lower floor.
Your four strong arms can wield two-handed weapons with a shield.
You have a pair of large antennae on your head. (SInv)
You are partially covered in large bone plates. (SH +4)
Your flesh is heat resistant. (rF+)
You have an increased reservoir of magic. (+10% MP)
You are robust. (+10% HP)


Message History

The freezing wraith disappears in a puff of smoke!
The snapping turtle zombie disappears in a puff of smoke!
The anaconda simulacrum disappears in a puff of smoke!
The eight-headed hydra zombie convulses!
The skeletal warrior convulses!
The fire giant skeleton convulses!
The greater mummy convulses!
The mummy priest convulses!
The bennu closely misses you.
You riposte.
You slash the bennu!
The bennu is moderately wounded.
The bennu misses you. The bennu claws you but does no damage.
The emperor scorpion stings you!
The emperor scorpion closely misses you.
The emperor scorpion claws you but does no damage.
The emperor scorpion stings you!
You die...
Your body crumbles into a pile of gold.

#..... ....###
##$.......$....$
#....(^$........
#......#.....$..
#.....z$..$.....
#....#.........$
##.^..Z..$....$$
#...§Zsbs.....#
▓#.^.sWL2M..#.##
▓.....§s#.....#
▓#...8§ss{$.!.M.^
##...§z$.{Z.....
#..$^.§..Z§..M..
##....[#..M.../.$
..^...#$.......
##..............
.#..#.. ..#


You could see 3 greater mummies, 6 emperor scorpions, a reaper (dazed), a bennu,
a mummy priest (dazed), 2 skeletal warriors, a phantasmal warrior (dazed), an
ushabti, an eight-headed hydra zombie (dazed), a wolf spider zombie (dazed), a
spiny frog skeleton (dazed) and a fire giant skeleton (dazed).

Vanquished Creatures
  3 juggernauts
  An ancient lich (Crypt:1)
  19 greater mummies
  Sojobo (Crypt:3)
  Boris (twice) (Crypt:1 Tomb:2)
  The ghost of Xihoome the Slayer, a veteran MiGl of Okawaru (Elf:1)
  Vashnia (Snake:4)
  Margery (Depths:1)
  4 caustic shrikes
  2 golden dragons
  Nikola (Shoals:1)
  Rupert (D:14)
  A Cloud Mage (WizLab)
  A tentacled monstrosity (Vaults:4)
  2 deep elf master archers (Elf:3)
  A quicksilver dragon (Depths:5)
  2 deep elf blademasters (Elf:3)
  11 liches
  A kraken (Shoals:4)
  12 sphinxes
  8 ancient champions
  Frances (D:13)
  Kirke (D:13)
  A storm dragon (Depths:5)
  4 tengu reavers
  11 nagarajas
  A shadow dragon (Depths:2)
  2 revenants (Crypt:3)
  Ilsuiw (Shoals:4)
  17 frost giants
  11 vault wardens
  Louise (Elf:3)
  3 iron dragons
  7 fire giants
  A cacodemon (Depths:3)
  3 ghouls
  3 deep elf sorcerers (Elf:3)
  4 deep elf elementalists (Elf:3)
  2 draconian shifters (Depths:5)
  15 ironheart preservers
  A war gargoyle (Vaults:4)
  5 curse skulls
  11 very ugly things
  3 reapers (Depths:4)
  A spriggan defender (Depths:2)
  The ghost of Thalamas the Severer, a journeyman MiBe of Trog (Lair:5)
  2 green draconians (Depths:5)
  An entropy weaver (Vaults:4)
  2 bennus (Tomb:1)
  6 vampire knights
  25 stone giants
  2 grey draconians (Depths:5)
  Nessos (Lair:6)
  5 deep elf annihilators
  2 purple draconians (Depths:5)
  5 spark wasps
  6 deep elf demonologists
  A minotaur (Gauntlet)
  2 red draconians (Depths:5)
  3 eidola
  9 deep elf death magi
  8 ettins
  6 merfolk javelineers (Shoals:4)
  5 blizzard demons
  2 jiangshi
  Josephine (Lair:4)
  12 fire dragons
  4 vault guards
  14 yaktaur captains
  Harold (D:9)
  2 green deaths (Depths:4)
  10 mummy priests
  12 great orbs of eyes
  2 deep elf high priests (Elf:3)
  10 naga warriors
  Erolcha (D:13)
  3 rakshasas
  5 spriggan air magi
  10 ice dragons
  An anaconda (shapeshifter) (Depths:3)
  9 hydras
  3 ghost crabs (WizLab)
  24 anacondas
  A spectral frost giant (Crypt:3)
  6 merfolk avatars
  4 satyrs
  10 death knights
  A catoblepas (Lair:5)
  53 two-headed ogres
  9 deep troll shamans
  2 queen ants (shapeshifter)
  5 tengu warriors
  13 centaur warriors
  3 merfolk aquamancers
  A spectral dire elephant (Crypt:3)
  20 ogre magi
  4 vampire magi
  27 death scarabs (Tomb:1)
  An orc high priest (Orc:2)
  6 deep troll earth magi
  A storm dragon zombie (Vaults:4)
  6 shock serpents
  Sonja (D:12)
  A titan zombie (Depths:2)
  16 naga sharpshooters
  5 spriggan berserkers
  A sun demon (Depths:3)
  A salamander mystic (Depths:5)
  2 spriggans (Depths:4)
  Nergalle (Orc:1)
  32 deep elf knights
  23 skeletal warriors
  An iron troll (Depths:3)
  17 shadow wraiths
  2 spark wasp zombies
  10 hell knights
  A storm dragon skeleton (Crypt:2)
  21 deep trolls
  7 flayed ghosts
  5 unseen horrors
  12 sea snakes
  A fire crab (Volcano)
  2 death drakes (WizLab)
  9 glowing orange brains
  6 wizards
  A golden dragon zombie (Crypt:2)
  3 swamp dragons (Depths:5)
  13 ironbrand convokers
  25 phantasmal warriors
  An anaconda skeleton (Crypt:1)
  10 harpies
  16 orc knights
  A lindwurm (Volcano)
  10 necromancers
  40 deep elf archers
  A shining eye (shapeshifter) (Vaults:4)
  2 orb spiders (shapeshifter)
  6 mana vipers
  A lindwurm (shapeshifter) (D:15)
  12 naga ritualists
  85 deep elf magi
  A tengu skeleton (Vaults:4)
  A harpy (shapeshifter) (D:15)
  2 human zombies
  A spectral ice dragon (Crypt:3)
  21 fauns
  A spectral ettin (Crypt:3)
  74 ugly things
  5 salamanders
  2 fire giant zombies
  8 cyclopes
  6 orc sorcerers
  A sphinx skeleton (Depths:4)
  14 manticores
  An iron dragon skeleton (Depths:2)
  2 shadow dragon skeletons
  2 stone giant skeletons
  A stone giant zombie (Vaults:1)
  30 black mambas
  4 merfolk sirens
  2 ice statues
  A rust devil (Depths:2)
  A molten gargoyle (Volcano)
  10 vault sentinels
  34 elephants
  7 water nymphs
  3 apocalypse crabs (WizLab)
  A gargoyle (D:14)
  A storm dragon simulacrum (Depths:4)
  13 naga magi
  Psyche (D:8)
  A black mamba (shapeshifter) (Depths:1)
  13 guardian serpents
  8 spiny frogs
  A shock serpent zombie (Crypt:1)
  An efreet (D:15)
  A red draconian zombie (Crypt:1)
  6 rime drakes
  20 freezing wraiths
  49 yaktaurs
  2 anaconda simulacra
  A catoblepas zombie (Crypt:1)
  7 ice devils (IceCv)
  13 komodo dragons
  A yaktaur (shapeshifter) (Vaults:1)
  5 kobold demonologists (D:15)
  2 human skeletons (Vaults:1)
  A troll (shapeshifter) (Depths:3)
  A jumping spider (shapeshifter) (Depths:2)
  2 yaktaur skeletons
  A harpy zombie (Crypt:2)
  A queen bee (D:8)
  24 merfolk
  A merfolk (shapeshifter) (Vaults:4)
  4 tengu conjurers
  13 trolls
  10 guardian mummies
  3 hydra zombies
  A hornet (shapeshifter) (D:15)
  3 wind drakes
  A black draconian skeleton (Crypt:3)
  A sphinx simulacrum (Vaults:3)
  4 polar bears (Lair:6)
  7 hippogriffs
  4 hornets
  A harpy skeleton (D:15)
  24 slime creatures
  3 bog bodies (Crypt:2)
  13 blink frogs
  An ettin zombie (Depths:2)
  A fire dragon zombie (Crypt:1)
  A raiju (shapeshifter) (D:15)
  A hippogriff (shapeshifter) (Depths:2)
  6 snapping turtles
  3 hydra skeletons
  A satyr zombie (Crypt:1)
  6 dream sheep (Shoals:3)
  A meliai zombie (D:12)
  A satyr skeleton (Crypt:1)
  17 shadows
  A ynoxinul (Depths:3)
  A redback (shapeshifter) (Depths:5)
  13 water elementals
  11 air elementals
  7 wyverns
  2 yaks (shapeshifter)
  37 yaks
  27 flying skulls
  22 wraiths
  A tarantella (shapeshifter) (Elf:3)
  2 dire elephant simulacra (IceCv)
  4 fire elementals
  A tyrant leech zombie (Crypt:2)
  3 black mamba skeletons
  5 ushabtiu
  2 basilisks
  17 humans
  17 fire bats (Volcano)
  A human simulacrum (Vaults:1)
  14 hungry ghosts
  2 hogs (D:13)
  A yaktaur simulacrum (Vaults:3)
  2 steam dragons
  2 chaos spawn (Depths:3)
  13 vampire mosquitoes
  3 iron troll simulacra (IceCv)
  2 insubstantial wisps (D:12)
  A monstrous demonspawn zombie (Crypt:2)
  40 nagas
  4 harpy simulacra (IceCv)
  4 acid dragons
  A soldier ant (shapeshifter) (Vaults:3)
  A water nymph skeleton (Crypt:2)
  A hell hound (Volcano)
  A water nymph zombie (Crypt:2)
  An elf skeleton (D:11)
  2 two-headed ogre zombies
  4 wargs
  10 porcupines
  An ogre skeleton (D:10)
  A gelid demonspawn zombie (Crypt:2)
  4 hydra simulacra (IceCv)
  16 water moccasins
  44 orc warriors
  A floating eye (shapeshifter) (Gauntlet)
  3 spiny frog skeletons
  An alligator simulacrum (IceCv)
  A black bear (D:13)
  An elephant zombie (Lair:2)
  2 eyes of draining
  2 snapping turtle zombies
  14 boggarts
  4 sky beasts
  An ettin simulacrum (IceCv)
  4 phantoms
  A sky beast (shapeshifter) (Gauntlet)
  A snapping turtle skeleton (Crypt:2)
  2 necrophages
  16 centaurs
  3 lindwurm skeletons (Volcano)
  47 ogres
  A manticore skeleton (Tomb:2)
  A wolf (Lair:1)
  20 crocodiles
  A dream sheep skeleton (Lair:2)
  An elf simulacrum (Vaults:1)
  A komodo dragon zombie (D:11)
  A rime drake zombie (Crypt:1)
  4 yaktaur zombies
  A rime drake skeleton (Lair:1)
  16 bullfrogs
  5 big kobolds
  An earth elemental (Elf:3)
  A wyvern zombie (D:6)
  7 salamander skeletons
  A hippogriff skeleton (D:10)
  A water moccasin zombie (Crypt:3)
  2 scorpions
  An elephant simulacrum (IceCv)
  A raiju zombie (Crypt:3)
  38 killer bees
  A wight (D:8)
  A manticore simulacrum (Crypt:2)
  A polar bear skeleton (Crypt:2)
  A troll skeleton (D:11)
  An electric eel (Lair:1)
  3 bullfrog zombies
  4 centaur zombies
  6 crimson imps
  A draconian simulacrum (IceCv)
  18 jellies
  3 lava snakes (Volcano)
  Crazy Yiuf (D:2)
  40 orc wizards
  A basilisk skeleton (Lair:1)
  7 centaur skeletons
  A wyvern simulacrum (D:13)
  4 hounds
  25 orc priests
  5 bullfrog skeletons
  Terence (D:2)
  Natasha (thrice) (D:2)
  A black bear skeleton (Crypt:2)
  2 porcupine zombies
  A polar bear simulacrum (IceCv)
  2 porcupine skeletons
  12 worker ants
  3 troll simulacra (IceCv)
  A wolf simulacrum (IceCv)
  A centaur simulacrum (IceCv)
  2 crocodile skeletons (Lair:1)
  A hound zombie (D:11)
  15 mummies
  2 howler monkey zombies
  13 adders
  7 gnolls
  4 naga simulacra (IceCv)
  A scorpion zombie (D:11)
  8 shadow imps
  8 white imps
  5 ufetubi (IceCv)
  An ooze (Lair:6)
  A worm zombie (D:12)
  6 adder zombies
  A gnoll zombie (D:12)
  An iguana zombie (Crypt:1)
  2 orc zombies (D:11)
  3 adder skeletons
  A worm (D:3)
  A dart slug (D:2)
  5 leopard geckos
  117 orcs
  2 ball pythons
  4 bats (D:2)
  A bat skeleton (Crypt:3)
  14 giant cockroaches
  13 goblins
  4 hobgoblins
  4 jackals (D:4)
  6 quokkas
  6 frilled lizards
  2 giant cockroach zombies
  A hobgoblin zombie (D:12)
  A jackal zombie (D:9)
  42 kobolds
  A leopard gecko zombie (D:6)
  2 quokka zombies
  10 rats
  2 fungi
  23 plants
  A spectral weapon (Depths:1)
  3 tentacles (Shoals:4)
2581 creatures vanquished.

Vanquished Creatures (collateral kills)
  A deep elf demonologist (Elf:3)
  A deep elf archer (Elf:3)
  A queen bee (Lair:3)
  3 killer bees
  2 wights (D:8)
  A worker ant (D:8)
9 creatures vanquished.

Vanquished Creatures (others)
  21 dancing weapons
  2 rime drakes (Gauntlet)
  2 air elementals
  2 fire bats (Volcano)
  A boggart (Elf:1)
  2 lava snakes (Volcano)
  9 fungi
  46 plants
  6 spectral weapons
  A tentacle (Shoals:4)
92 creatures vanquished.

Grand Total: 2682 creatures vanquished

Notes
Turn   | Place    | Note
-------+----------+-------------------------------------------
     0 | D:1      | DildoBatman the Formicid Wizard began the quest for the
                  | Orb.
     0 | D:1      | Reached XP level 1. HP: 13/13 MP: 4/4
    80 | D:1      | Reached skill level 1 in Conjurations
   199 | D:1      | Reached XP level 2. HP: 19/19 MP: 0/6
  1009 | D:2      | Reached XP level 3. HP: 21/24 MP: 1/7
  1013 | D:2      | Learned a level 2 spell: Slow
  1017 | D:2      | Learned a level 3 spell: Mephitic Cloud
  1027 | D:2      | Noticed Natasha
  1073 | D:2      | Noticed Terence
  1373 | D:2      | Found a runed translucent door.
  1374 | D:2      | Noticed Crazy Yiuf
  1429 | D:2      | Reached XP level 4. HP: 27/30 MP: 4/8
  2157 | D:3      | Found a shadowy altar of Dithmenos.
  2224 | D:3      | Found a faded altar of an unknown god.
  2271 | D:3      | Reached XP level 5. HP: 18/35 MP: 4/9
  2561 | D:3      | Found a sparkling altar of Nemelex Xobeh.
  2882 | D:4      | Reached skill level 1 in Poison Magic
  2896 | D:4      | Reached skill level 1 in Axes
  2901 | D:4      | Noticed a phantom
  3004 | D:4      | Reached skill level 1 in Air Magic
  3004 | D:4      | Reached XP level 6. HP: 30/41 MP: 3/10
  3290 | D:4      | Found a staircase to the Ecumenical Temple.
  3296 | Temple   | Entered the Ecumenical Temple
  3497 | Temple   | Became a worshipper of Kikubaaqudgha
  3994 | D:3      | Killed a phantom
  3994 | D:3      | Reached XP level 7. HP: 27/46 MP: 1/11
  4113 | D:2      | Killed Natasha
  4113 | D:2      | Reached * piety under Kikubaaqudgha
  4113 | D:2      | Identified Kikubaaqudgha's Catalogue of Necromancy
                  | (Kikubaaqudgha gifted it to you on level 2 of the Dungeon)
  4113 | D:2      | Received a gift from Kikubaaqudgha
  4180 | D:2      | Killed Crazy Yiuf
  4240 | D:2      | Noticed Natasha
  4247 | D:2      | Killed Natasha
  4268 | D:2      | Noticed Natasha
  4278 | D:2      | Killed Natasha
  4289 | D:2      | Killed Terence
  4374 | D:5      | Entered Level 5 of the Dungeon
  4387 | D:4      | Reached skill level 5 in Poison Magic
  4711 | D:5      | You fall through a shaft for 3 floors!
  4759 | D:8      | Learned a level 3 spell: Conjure Flame
  4773 | D:8      | Found a glowing silver altar of Zin.
  4793 | D:8      | Found a flagged portal.
  4844 | D:8      | Noticed a hippogriff
  4904 | D:8      | Killed a hippogriff
  4904 | D:8      | Reached skill level 1 in Fighting
  4904 | D:8      | Reached skill level 1 in Armour
  4904 | D:8      | Reached XP level 8. HP: 37/54 MP: 9/13
  5062 | D:8      | Reached ** piety under Kikubaaqudgha
  5134 | D:8      | Reached skill level 5 in Conjurations
  5212 | Bailey   | Entered a bailey
  5302 | Bailey   | Noticed an orc knight
  5370 | Bailey   | Killed an orc knight
  5370 | Bailey   | Reached skill level 1 in Throwing
  5370 | Bailey   | Reached XP level 9. HP: 55/62 MP: 15/15
  5623 | Bailey   | Noticed an orc knight
  5719 | Bailey   | Killed an orc knight
  5761 | Bailey   | Found a burning altar of Makhleb.
  5905 | D:8      | Noticed Psyche
  6279 | D:8      | Noticed a queen bee
  6313 | D:8      | Killed a queen bee
  6313 | D:8      | Reached skill level 5 in Stealth
  6313 | D:8      | Reached XP level 10. HP: 70/71 MP: 16/16
  6467 | D:8      | Killed Psyche
  6834 | D:7      | Reached skill level 5 in Fighting
  6834 | D:7      | Reached skill level 5 in Armour
  6983 | D:7      | Reached *** piety under Kikubaaqudgha
  6983 | D:7      | Identified Kikubaaqudgha's Compendium of Evil
                  | (Kikubaaqudgha gifted it to you on level 7 of the Dungeon)
  6983 | D:7      | Received a gift from Kikubaaqudgha
  7021 | D:7      | Learned a level 5 spell: Borgnjor's Vile Clutch
  7231 | D:7      | Reached skill level 1 in Necromancy
  7495 | D:6      | Reached skill level 1 in Shields
  7502 | D:6      | Found a stormy altar of Qazlal.
  7695 | D:6      | Got a crystal dagger
  7696 | D:6      | Identified the +11 dagger "Keukak" {pierce, rF+} (You found
                  | it on level 6 of the Dungeon)
  7746 | D:6      | Found a hide-covered altar of Uskayaw.
  7755 | D:6      | Learned a level 3 spell: Confuse
  8166 | D:6      | Reached **** piety under Kikubaaqudgha
  8273 | D:5      | Reached skill level 5 in Shields
  9047 | D:8      | Noticed a two-headed ogre
  9082 | D:8      | Killed a two-headed ogre
  9082 | D:8      | Reached XP level 11. HP: 81/81 MP: 1/17
  9355 | D:9      | Found a staircase to the Orcish Mines.
  9383 | D:9      | Reached ***** piety under Kikubaaqudgha
  9453 | D:9      | You fall through a shaft for 2 floors!
  9478 | D:11     | Reached skill level 1 in Earth Magic
  9478 | D:11     | Reached skill level 1 in Evocations
  9486 | D:11     | Reached skill level 1 in Hexes
  9489 | D:11     | Reached skill level 1 in Short Blades
  9547 | D:11     | Noticed a purple ugly thing
  9608 | D:11     | Noticed a manticore
  9625 | D:11     | Killed a manticore
  9768 | D:11     | Noticed a cyan ugly thing
  9819 | D:11     | Reached skill level 2 in Earth Magic
 10027 | D:11     | Found a staircase to the Lair.
 10132 | D:11     | Noticed a death knight
 10604 | D:11     | Reached skill level 1 in Fire Magic
 10711 | D:11     | Found a portal to a secret trove of treasure.
 10730 | D:10     | Entered Level 10 of the Dungeon
 10876 | D:10     | Reached skill level 5 in Spellcasting
 11345 | D:9      | Found a shattered altar of Ashenzari.
 11422 | D:9      | Found an opulent altar of Gozag.
 11506 | D:9      | Noticed Harold
 11555 | D:9      | Killed Harold
 11555 | D:9      | Reached skill level 3 in Earth Magic
 12253 | D:11     | Noticed a six-headed hydra
 12255 | D:11     | Noticed a red ugly thing
 12321 | Orc:1    | Entered Level 1 of the Orcish Mines
 12347 | D:9      | Reached XP level 12. HP: 71/88 MP: 18/20
 12464 | Orc:1    | Noticed Nergalle
 12487 | Orc:1    | Killed Nergalle
 12495 | Orc:1    | Reached skill level 4 in Earth Magic
 12589 | Orc:1    | Noticed a stone giant
 12895 | Orc:2    | Entered Level 2 of the Orcish Mines
 13146 | Orc:2    | Found a staircase to the Elven Halls.
 13343 | Orc:1    | Noticed a two-headed ogre
 13377 | Orc:1    | Killed a two-headed ogre
 13659 | Orc:2    | Reached skill level 5 in Earth Magic
 13805 | Orc:2    | Found a roughly hewn altar of Beogh.
 13837 | Orc:2    | Noticed an ogre mage
 13837 | Orc:2    | Noticed a two-headed ogre
 13837 | Orc:2    | Noticed a two-headed ogre
 13837 | Orc:2    | Noticed a two-headed ogre
 13871 | Orc:2    | Noticed a two-headed ogre
 13889 | Orc:2    | Killed a two-headed ogre
 13889 | Orc:2    | Reached skill level 5 in Hexes
 13927 | Orc:2    | Killed a two-headed ogre
 13927 | Orc:2    | Reached skill level 5 in Necromancy
 13930 | Orc:2    | Killed a two-headed ogre
 13930 | Orc:2    | Reached skill level 5 in Evocations
 13941 | Orc:2    | Killed a two-headed ogre
 13977 | Orc:2    | Killed an ogre mage
 14148 | Orc:2    | Reached ****** piety under Kikubaaqudgha
 14166 | Orc:1    | Received a gift from Kikubaaqudgha
 14170 | Orc:1    | Fell from the grace of Kikubaaqudgha
 14370 | D:9      | Became a worshipper of Gozag Ym Sagoz the Greedy
 14592 | D:9      | Killed a stone giant
 14592 | D:9      | Reached skill level 6 in Earth Magic
 14592 | D:9      | Reached XP level 13. HP: 62/93 MP: 6/23
 14795 | Orc:2    | Reached skill level 5 in Short Blades
 15060 | Orc:2    | Found Jureide's General Store.
 15060 | Orc:2    | Found Lyit's Magic Scroll Boutique.
 15061 | Orc:2    | Found Nievie's Antique Weapon Boutique.
 15064 | Orc:2    | Found Cufij's Weapon Shop.
 15097 | Orc:2    | Bought a potion of mutation for 104 gold pieces
 15100 | Orc:2    | Bought a scroll of magic mapping for 56 gold pieces
 15100 | Orc:2    | Bought a scroll of identify for 32 gold pieces
 15100 | Orc:2    | Bought a scroll of identify for 32 gold pieces
 15100 | Orc:2    | Bought a scroll of fog for 32 gold pieces
 15100 | Orc:2    | Bought a scroll of identify for 32 gold pieces
 15100 | Orc:2    | Bought a scroll of identify for 32 gold pieces
 15113 | Orc:2    | Gained mutation: You are partially covered in thin metallic
                  | scales. (AC +2) [potion of mutation]
 15113 | Orc:2    | Gained mutation: Potions are less effective at restoring
                  | your health. [potion of mutation]
 15113 | Orc:2    | Gained mutation: Your mind is acute. (Int +2) [potion of
                  | mutation]
 15113 | Orc:2    | Gained mutation: Your mind is very acute. (Int +4) [potion
                  | of mutation]
 15482 | D:10     | Killed a six-headed hydra
 15543 | D:10     | Reached skill level 7 in Earth Magic
 15583 | D:11     | Found a snail-covered altar of Cheibriados.
 16853 | D:12     | Reached skill level 8 in Earth Magic
 16885 | D:12     | Noticed Sonja
 16910 | D:12     | Killed Sonja
 17646 | Lair:1   | Entered Level 1 of the Lair of Beasts
 17814 | Lair:1   | Reached XP level 14. HP: 98/98 MP: 19/26
 17968 | Lair:1   | Got a bloodstained ring mail
 18401 | Lair:1   | Reached skill level 9 in Earth Magic
 18464 | Lair:1   | Identified the +3 ring mail of Relativism {rC+ MR+} (You
                  | found it on level 1 of the Lair of Beasts)
 18515 | Lair:1   | Learned a level 2 spell: Sublimation of Blood
 18532 | Lair:2   | Found a dark tunnel.
 18695 | Volcano  | Entered a volcano
 19065 | Volcano  | Found a bloodstained altar of Trog.
 19761 | Lair:2   | Reached skill level 10 in Earth Magic
 20525 | Lair:3   | Reached skill level 10 in Hexes
 20551 | Lair:3   | Was forgiven by Kikubaaqudgha
 20615 | Lair:3   | Found a staircase to the Snake Pit.
 21004 | Lair:3   | Found the +8 whip "Snakebite" {curare, rPois}
 21297 | Lair:4   | Learned a level 5 spell: Dispel Undead
 21435 | Lair:4   | Found a staircase to the Shoals.
 21481 | Lair:4   | Noticed Josephine
 21535 | Lair:4   | Reached XP level 15. HP: 105/105 MP: 24/28
 21551 | Lair:4   | Killed Josephine
 22043 | Lair:5   | Reached skill level 11 in Earth Magic
 22136 | Lair:5   | Found a runed translucent door.
 22136 | Lair:5   | Noticed Thalamas's ghost (journeyman MiBe)
 22146 | Lair:5   | Killed Thalamas's ghost
 22146 | Lair:5   | Reached skill level 10 in Spellcasting
 22250 | Lair:5   | Reached skill level 10 in Necromancy
 22255 | Lair:5   | Found a gate leading to a gauntlet.
 22305 | Gauntlet | Entered a Gauntlet
 22305 | Gauntlet | Found a transporter.
 22305 | Gauntlet | Found a transporter.
 22311 | Gauntlet | Found a transporter.
 22313 | Gauntlet | Found a transporter.
 22313 | Gauntlet | Found a transporter.
 22325 | Gauntlet | Found a transporter.
 22331 | Gauntlet | Found a transporter.
 22336 | Gauntlet | Found a transporter.
 22350 | Gauntlet | Found a transporter.
 22357 | Gauntlet | Found a transporter.
 22425 | Gauntlet | Found a transporter.
 22450 | Gauntlet | Found a transporter.
 22964 | Gauntlet | Lost mutation: Your mind is very acute. (Int +4) [potion of
                  | mutation]
 22964 | Gauntlet | Lost mutation: Potions are less effective at restoring your
                  | health. [potion of mutation]
 22964 | Gauntlet | Lost mutation: You are partially covered in thin metallic
                  | scales. (AC +2) [potion of mutation]
 22964 | Gauntlet | Lost mutation: Your mind is acute. (Int +2) [potion of
                  | mutation]
 22964 | Gauntlet | Gained mutation: You are resistant to electric shocks.
                  | (rElec) [potion of mutation]
 22964 | Gauntlet | Gained mutation: You are somewhat resistant to further
                  | mutation. [potion of mutation]
 23090 | Gauntlet | Identified the +0 war axe "Foomang" {chop, rN+ Str+6}
 23090 | Gauntlet | Identified the +2 pearl dragon scales of the Aged Ghosts
                  | {-Tele rPois rN+ rCorr}
 23101 | Gauntlet | Identified Lez Vashafa's Grimoire of the Voyage
 23105 | Gauntlet | Identified the Reference Book on Earthen Flight
 23675 | Lair:6   | Entered Level 6 of the Lair of Beasts
 23864 | Lair:6   | Reached skill level 12 in Earth Magic
 24143 | Lair:6   | Found a staircase to the Slime Pits.
 24353 | Lair:6   | Reached XP level 16. HP: 104/111 MP: 25/31
 24804 | Lair:6   | Noticed Nessos
 24819 | Lair:6   | Killed Nessos
 25335 | D:13     | Found a gate to the Vaults.
 25773 | D:13     | Found Jystu's Antique Weapon Shop.
 25786 | D:13     | Noticed Kirke
 25867 | D:13     | Noticed Frances
 25937 | D:13     | Killed Frances
 26071 | D:13     | Bought a transparent war axe for 229 gold pieces
 26072 | D:13     | Found a sparkling altar of Nemelex Xobeh.
 26192 | D:13     | Noticed Erolcha
 26246 | D:13     | Killed Erolcha
 26444 | D:13     | Identified the +3 war axe of the Rat {vamp, *Noise +Inv
                  | rPois MR+} (You bought it in a shop on level 13 of the
                  | Dungeon)
 26465 | D:13     | Got an ebony hand axe
 26466 | D:13     | Identified the +4 hand axe of Riagawad {chop, Str+4 SInv}
                  | (You found it on level 13 of the Dungeon)
 26606 | D:13     | Killed Kirke
 26779 | D:14     | Found a sacrificial altar of Ru.
 26894 | D:14     | Noticed Rupert
 26930 | D:14     | Killed Rupert
 27667 | D:15     | Entered Level 15 of the Dungeon
 27756 | D:15     | Reached XP level 17. HP: 117/117 MP: 33/35
 27981 | D:15     | Reached skill level 10 in Shields
 28833 | D:15     | Found a staircase to the Depths.
 29076 | Snake:1  | Entered Level 1 of the Snake Pit
 29419 | Orc:2    | Bought the +10 falchion of Valiance {venom, +Fly rPois
                  | Int+4 Dex+4} for 1088 gold pieces
 29715 | Lair:3   | Bought the +4 moon troll leather armour {Spirit, Regen++
                  | MP+5} for 2125 gold pieces
 29715 | Lair:3   | Found the +4 moon troll leather armour {Spirit, Regen++
                  | MP+5}
 29715 | Lair:3   | Bought an encrusted leather armour for 273 gold pieces
 29726 | Lair:3   | Identified the +2 leather armour of the Komodo Dragon {rC-
                  | MR++ Dex+2} (You bought it in a shop on level 3 of the Lair
                  | of Beasts)
 29822 | Snake:1  | Reached skill level 15 in Spellcasting
 30691 | Snake:2  | Reached skill level 1 in Long Blades
 31657 | Snake:3  | Reached XP level 18. HP: 97/123 MP: 11/37
 32541 | Snake:4  | Entered Level 4 of the Snake Pit
 32560 | Snake:4  | Reached skill level 15 in Shields
 32832 | Snake:4  | Found Diul's Book Emporium.
 32865 | Snake:4  | Bought a book of Necromancy for 360 gold pieces
 32865 | Snake:4  | Bought a book of Frost for 420 gold pieces
 32865 | Snake:4  | Bought a book of Annihilations for 1324 gold pieces
 32869 | Snake:4  | Learned a level 3 spell: Regeneration
 32873 | Snake:4  | Learned a level 3 spell: Ozocubu's Armour
 32965 | Snake:4  | Found Ible Wil's Book Boutique.
 32978 | Snake:4  | Bought Sif Muna's Guide on Fiery Boosts for 780 gold pieces
 32983 | Snake:4  | Learned a level 3 spell: Spectral Weapon
 33098 | Snake:4  | Reached skill level 1 in Charms
 33098 | Snake:4  | Reached skill level 1 in Ice Magic
 33234 | Snake:4  | Reached skill level 5 in Long Blades
 33324 | Snake:4  | Reached XP level 19. HP: 91/133 MP: 2/38
 33458 | Snake:4  | Reached skill level 5 in Dodging
 33550 | Snake:4  | Got a serpentine rune of Zot
 33885 | Snake:4  | Noticed Vashnia
 33920 | Snake:4  | Killed Vashnia
 34139 | Shoals:1 | Entered Level 1 of the Shoals
 34412 | Shoals:1 | Noticed Nikola
 34422 | Shoals:1 | Killed Nikola
 34827 | Shoals:2 | Found a frozen archway.
 34917 | IceCv    | Entered an ice cave
 35333 | IceCv    | Got a smoking copper ring
 35505 | Shoals:2 | Identified the ring of Yram {rElec Str+4 Stlth-} (You found
                  | it in an ice cave)
 36219 | Shoals:3 | Reached skill level 5 in Ice Magic
 36224 | Shoals:3 | Reached skill level 5 in Charms
 36895 | Shoals:4 | Entered Level 4 of the Shoals
 36901 | Shoals:4 | Noticed Ilsuiw
 36911 | Shoals:4 | Reached XP level 20. HP: 139/144 MP: 16/39
 36921 | Shoals:4 | Killed Ilsuiw
 37760 | Shoals:4 | Got a barnacled rune of Zot
 38227 | D:11     | Learned a level 8 spell: Necromutation
 38227 | D:11     | Reached skill level 10 in Fighting
 38227 | D:11     | Reached XP level 21. HP: 153/153 MP: 40/40
 38380 | Elf:1    | Entered Level 1 of the Elven Halls
 38941 | Elf:1    | Found a runed translucent door.
 38941 | Elf:1    | Noticed Xihoome's ghost (veteran MiGl)
 38950 | Elf:1    | Killed Xihoome's ghost
 39564 | Elf:2    | Reached skill level 5 in Transmutations
 39691 | Elf:2    | Reached XP level 22. HP: 159/159 MP: 35/42
 39737 | Elf:2    | Found the +8 trident of the Octopus King {venom, rElec
                  | rPois MR+}
 39864 | Elf:2    | Found a huge runed translucent gate.
 39864 | Elf:2    | Found a huge runed translucent gate.
 39864 | Elf:2    | Found a huge runed translucent gate.
 39870 | Elf:2    | Found a huge runed translucent gate.
 39870 | Elf:2    | Found a huge runed translucent gate.
 40401 | Elf:3    | Entered Level 3 of the Elven Halls
 40608 | Elf:3    | Found Qotierch's General Store.
 40805 | Elf:3    | Noticed Louise
 40817 | Elf:3    | Killed Louise
 41225 | Elf:3    | Identified the +9 spear of Dividends {flame, rF+ MR+ Int-4}
 41225 | Elf:3    | Identified the ring of the Moon {rPois rF+ MR+ AC+2}
 41834 | Elf:3    | Identified the +7 falchion of Zawaomao {flame, rC+ Str+5}
 41910 | Elf:3    | Found the +6 arbalest "Damnation" {damnation}
 41950 | Elf:3    | Identified the ring "Aqog" {rPois rF+ rC+ Str+6 Slay-2}
 42175 | Elf:3    | Identified the Tome of the Rocks and Contamination
 42189 | Elf:3    | Identified the Handbook of the Mountains
 42204 | Elf:3    | Got a glittering steel amulet
 42230 | Elf:3    | Identified the amulet "Jelocw" {Inacc +Inv rElec Int-3
                  | Dex+8} (You found it on level 3 of the Elven Halls)
 42251 | Elf:3    | Lost mutation: You are somewhat resistant to further
                  | mutation. [potion of mutation]
 42251 | Elf:3    | Lost mutation: You are resistant to electric shocks.
                  | (rElec) [potion of mutation]
 42251 | Elf:3    | Gained mutation: You are weak. (Str -2) [potion of
                  | mutation]
 42251 | Elf:3    | Gained mutation: You have large cloven feet. [potion of
                  | mutation]
 42891 | Vaults:1 | Entered Level 1 of the Vaults
 42981 | Vaults:1 | Reached skill level 1 in Crossbows
 42990 | Vaults:1 | Reached XP level 23. HP: 162/165 MP: 35/44
 43021 | Vaults:1 | Reached skill level 10 in Transmutations
 43431 | Vaults:1 | Got a wizard robe
 43442 | Vaults:1 | Identified the cursed +1 robe "Abibamp" {Dex+2} (You found
                  | it on level 1 of the Vaults)
 43543 | Vaults:1 | Reached skill level 15 in Necromancy
 43609 | Vaults:1 | Reached skill level 5 in Crossbows
 44759 | Vaults:2 | Reached XP level 24. HP: 88/172 MP: 9/44
 45951 | Vaults:3 | Found a staircase to the Crypt.
 45951 | Vaults:3 | Found a basalt altar of Yredelemnul.
 45952 | Vaults:3 | Found an ancient bone altar of Kikubaaqudgha.
 46655 | Vaults:3 | Reached skill level 15 in Transmutations
 47164 | Vaults:4 | Reached XP level 25. HP: 158/177 MP: 31/44
 47347 | Vaults:4 | Got a brightly glowing scale mail
 48212 | Vaults:4 | Identified the +2 scale mail of Freedom {Dex+4} (You found
                  | it on level 4 of the Vaults)
 48224 | Vaults:4 | Lost mutation: You are weak. (Str -2) [potion of mutation]
 48224 | Vaults:4 | Lost mutation: You have large cloven feet. [potion of
                  | mutation]
 48224 | Vaults:4 | Gained mutation: You are partially covered in large bone
                  | plates. (SH +4) [potion of mutation]
 48224 | Vaults:4 | Gained mutation: You are robust. (+10% HP) [potion of
                  | mutation]
 48224 | Vaults:4 | Gained mutation: Your flesh is heat resistant. (rF+)
                  | [potion of mutation]
 48224 | Vaults:4 | Gained mutation: You have an increased reservoir of magic.
                  | (+10% MP) [potion of mutation]
 48478 | Depths:1 | Entered Level 1 of the Depths
 48899 | Depths:1 | Noticed Margery
 48911 | Depths:1 | Killed Margery
 48913 | Depths:1 | Found a gateway to Hell.
 49216 | D:11     | You paid a toll of +3 ice dragon scales to enter a treasure
                  | trove
 49217 | Trove    | Entered a treasure trove
 49231 | Trove    | Got a translucent silver ring
 49242 | Trove    | Got an ancient steel ring
 49246 | Trove    | Got a steaming pewter ring
 49410 | Depths:1 | Identified the ring "Avawarime" {*Contam rElec MR+ Int+4
                  | Dex+4} (You found it in a treasure trove)
 49411 | Depths:1 | Identified the ring of Bodabobo {-Tele rC+ rN+++ Int+2
                  | SInv} (You found it in a treasure trove)
 49415 | Depths:1 | Identified the ring of Lolloun {rElec rC+ MR- Str+2} (You
                  | found it in a treasure trove)
 49721 | Depths:1 | Found a shattered altar of Ashenzari.
 50258 | Depths:2 | Found a gateway to a ziggurat.
 50534 | Depths:2 | Found a one-way gate leading to the halls of Pandemonium.
 50571 | Depths:2 | Noticed a caustic shrike
 50573 | Depths:2 | Reached XP level 26. HP: 147/202 MP: 7/48
 50633 | Depths:2 | Noticed a juggernaut
 50661 | Depths:2 | Killed a juggernaut
 50876 | Depths:2 | Got a bloodstained trident
 50904 | Depths:2 | Got a shimmering scimitar
 51450 | Depths:2 | Reached skill level 13 in Earth Magic
 51780 | Depths:3 | Reached skill level 14 in Earth Magic
 51821 | Depths:3 | Noticed a juggernaut
 51828 | Depths:3 | Reached skill level 15 in Earth Magic
 51828 | Depths:3 | Killed a juggernaut
 51869 | Depths:3 | Reached skill level 16 in Earth Magic
 52481 | Depths:3 | Reached skill level 17 in Earth Magic
 52612 | Depths:3 | Found a one-way gate to the infinite horrors of the Abyss.
 53185 | Depths:3 | Identified the +6 trident of Soiwosaq {pierce, rPois rF+
                  | Dex+6} (You found it on level 2 of the Depths)
 53186 | Depths:3 | Identified the +9 scimitar of Kismet {freeze, +Rage Int+3}
                  | (You found it on level 2 of the Depths)
 53494 | Snake:4  | Bought a book of the Earth for 780 gold pieces
 53504 | Snake:4  | Learned a level 9 spell: Shatter
 53506 | Snake:4  | Bought a manual of Air Magic for 1324 gold pieces
 53798 | Orc:2    | Bought the +8 autumn katana {slice, Clar} for 1853 gold
                  | pieces
 53798 | Orc:2    | Found the +8 autumn katana {slice, Clar}
 54095 | Depths:4 | Reached XP level 27. HP: 200/209 MP: 37/48
 54127 | Depths:4 | Found a magical portal.
 54141 | WizLab   | Entered The Chambers of the Cloud Mage
 54558 | WizLab   | Reached skill level 18 in Earth Magic
 54649 | WizLab   | Identified Mangur's Grimoire of Feathers
 55236 | Depths:4 | Reached skill level 19 in Earth Magic
 55674 | Depths:4 | Found the +9 heavy crossbow "Sniper" {velocity, Acc+∞ SInv}
 55744 | Depths:4 | Reached skill level 20 in Earth Magic
 55934 | Depths:5 | Entered Level 5 of the Depths
 55934 | Depths:5 | Noticed a juggernaut
 55958 | Depths:5 | Killed a juggernaut
 55983 | Depths:5 | Reached skill level 21 in Earth Magic
 56376 | Depths:5 | Reached skill level 22 in Earth Magic
 56710 | Depths:5 | Found a gate to the Realm of Zot.
 56904 | Depths:3 | Learned a level 2 spell: Swiftness
 57104 | Crypt:1  | Entered Level 1 of the Crypt
 57115 | Crypt:1  | Noticed Boris
 57134 | Crypt:1  | Noticed an ancient lich
 57139 | Crypt:1  | Killed Boris
 57142 | Crypt:1  | Reached skill level 23 in Earth Magic
 57148 | Crypt:1  | Killed an ancient lich
 58161 | Crypt:2  | Reached skill level 24 in Earth Magic
 58206 | Crypt:2  | Found an ancient bone altar of Kikubaaqudgha.
 58837 | Crypt:3  | Entered Level 3 of the Crypt
 59152 | Crypt:3  | Found an ancient bone altar of Kikubaaqudgha.
 59200 | Crypt:3  | Noticed Sojobo
 59406 | Crypt:3  | Reached skill level 25 in Earth Magic
 59689 | Crypt:3  | Killed Sojobo
 60008 | Crypt:3  | Found a staircase to the Tomb.
 60375 | Tomb:1   | Entered Level 1 of the Tomb of the Ancients
 60561 | Tomb:1   | Reached skill level 26 in Earth Magic
 61231 | Tomb:1   | Reached skill level 27 in Earth Magic
 61418 | Tomb:1   | Noticed a greater mummy
 61425 | Tomb:1   | Killed a greater mummy
 61425 | Tomb:1   | Reached skill level 5 in Air Magic
 61427 | Tomb:1   | Noticed a greater mummy
 61431 | Tomb:1   | Noticed a greater mummy
 61433 | Tomb:1   | Noticed a greater mummy
 61438 | Tomb:1   | Noticed a greater mummy
 61441 | Tomb:1   | Killed a greater mummy
 61443 | Tomb:1   | Noticed a greater mummy
 61445 | Tomb:1   | Killed a greater mummy
 61538 | Tomb:1   | Killed a greater mummy
 61590 | Tomb:1   | Killed a greater mummy
 61627 | Tomb:1   | Noticed a greater mummy
 61632 | Tomb:1   | Noticed a greater mummy
 61641 | Tomb:1   | Killed a greater mummy
 61646 | Tomb:1   | Killed a greater mummy
 61686 | Tomb:1   | Noticed a greater mummy
 61690 | Tomb:1   | Noticed a greater mummy
 61703 | Tomb:1   | Killed a greater mummy
 61709 | Tomb:1   | Killed a greater mummy
 61709 | Tomb:1   | Reached skill level 10 in Air Magic
 61734 | Tomb:1   | Noticed a greater mummy
 61738 | Tomb:1   | Noticed a greater mummy
 61744 | Tomb:1   | Noticed a greater mummy
 61747 | Tomb:1   | Noticed a greater mummy
 61749 | Tomb:1   | Killed a greater mummy
 61752 | Tomb:1   | Killed a greater mummy
 61753 | Tomb:1   | Killed a greater mummy
 61757 | Tomb:1   | Killed a greater mummy
 61824 | Tomb:1   | Noticed a greater mummy
 61826 | Tomb:1   | Noticed a greater mummy
 61827 | Tomb:1   | Noticed a greater mummy
 61830 | Tomb:1   | Noticed a greater mummy
 61835 | Tomb:1   | Killed a greater mummy
 61839 | Tomb:1   | Killed a greater mummy
 61842 | Tomb:1   | Killed a greater mummy
 61842 | Tomb:1   | Noticed a greater mummy
 61847 | Tomb:1   | Killed a greater mummy
 61854 | Tomb:1   | Killed a greater mummy
 62034 | Tomb:2   | Noticed a greater mummy
 62034 | Tomb:2   | Noticed a greater mummy
 62037 | Tomb:2   | Noticed Boris
 62039 | Tomb:2   | Killed Boris
 62040 | Tomb:2   | Killed a greater mummy
 62042 | Tomb:2   | Noticed Frederick
 62048 | Tomb:2   | Noticed a greater mummy
 62048 | Tomb:2   | Noticed a greater mummy
 62049 | Tomb:2   | HP: 6/209 [emperor scorpion[a greater mummy] (11)]
 62049 | Tomb:2   | Slain by an emperor scorpion

Skill      XL: |  1  2  3  4  5  6  7  8  9 10 11 12 13 14 15 16 17 18 19 20 21 22 23 24 25 26 27 |
---------------+----------------------------------------------------------------------------------+-----
Conjurations   | 1 2 3 4 5 |  5.0
Poison Magic   | 2 4 6 7 8 |  8.0
Axes           | 1 2 3 |  3.0
Air Magic      | 1 2 3 4 13 | 13.1
Fighting       | 1 2 4 6 7 9 10 | 10.0
Armour         | 1 3 4 5 6 8 9 |  9.0
Dodging        | 2 3 4 6 7 |  7.0
Stealth        | 3 5 6 |  6.0
Spellcasting   | 4 5 6 8 9 11 14 15 16 17 | 17.0
Throwing       | 1 2 |  2.2
Necromancy     | 2 3 5 7 9 11 12 14 16 17 19 20 | 20.0
Shields        | 7 9 13 15 | 15.0
Earth Magic    | 3 6 8 10 12 17 27 | 27.0
Evocations     | 3 5 6 |  6.0
Hexes          | 3 5 8 10 12 | 12.0
Short Blades   | 2 4 5 |  5.2
Fire Magic     | 2 |  2.0
Long Blades    | 3 5 7 8 9 |  9.4
Charms         | 2 5 6 |  6.0
Ice Magic      | 2 5 6 |  6.0
Transmutations | 2 5 9 12 15 17 18 | 18.0
Crossbows      | 1 5 |  5.0
Summonings     | |  1.0
Translocations | |  0.8

Action                   |  1- 3 |  4- 6 |  7- 9 | 10-12 | 13-15 | 16-18 | 19-21 | 22-24 | 25-27 || total
-------------------------+-------+-------+-------+-------+-------+-------+-------+-------+-------++-------
Melee: Unarmed           |     8 |       |       |       |       |       |       |       |       ||     8
       Hand axe          |       |    43 |    50 |    41 |       |       |       |       |       ||   134
       Flail             |       |     2 |     2 |     4 |       |       |       |       |       ||     8
       Dagger            |       |       |       |   658 |  1208 |   692 |       |       |       ||  2558
       Glaive            |       |       |       |       |    20 |       |       |       |       ||    20
       Falchion          |       |       |       |       |       |   383 |   491 |   891 |  1589 ||  3354
       Whip              |       |       |       |       |       |     9 |       |       |       ||     9
       Trident           |       |       |       |       |       |       |       |     5 |       ||     5
 Fire: Blowgun           |       |       |    74 |    40 |    19 |       |       |       |       ||   133
       Shortbow          |       |       |       |       |       |     2 |       |       |       ||     2
       Arbalest          |       |       |       |       |       |       |       |     7 |     8 ||    15
Throw: Tomahawk          |     3 |     1 |     4 |     1 |       |       |       |       |       ||     9
       Throwing net      |       |       |       |       |     2 |       |       |       |       ||     2
       Stone             |       |       |       |       |       |     2 |       |       |       ||     2
 Cast: Magic Dart        |    54 |   169 |   173 |   275 |   101 |     2 |       |       |       ||   774
       Mephitic Cloud    |       |     8 |    65 |   129 |    88 |    20 |    14 |    22 |     1 ||   347
       Slow              |       |       |       |    18 |    29 |     2 |       |       |       ||    49
       Confuse           |       |       |       |     9 |   186 |    80 |     2 |     3 |     3 ||   283
       Borgnjor's Vile C |       |       |       |       |    48 |   172 |   225 |   297 |   457 ||  1199
       Dispel Undead     |       |       |       |       |     8 |     1 |    10 |    16 |   154 ||   189
       Sublimation of Bl |       |       |       |       |       |     6 |       |     2 |    23 ||    31
       Spectral Weapon   |       |       |       |       |       |     4 |     5 |    13 |     5 ||    27
       Ozocubu's Armour  |       |       |       |       |       |     2 |     7 |     7 |    35 ||    51
       Regeneration      |       |       |       |       |       |       |     1 |     3 |    28 ||    32
       Necromutation     |       |       |       |       |       |       |       |       |   136 ||   136
       Shatter           |       |       |       |       |       |       |       |       |     8 ||     8
Invok: Receive Necronomi |       |       |       |     1 |       |       |       |       |       ||     1
       Renounce Religion |       |       |       |     1 |       |       |       |       |       ||     1
       Call Merchant     |       |       |       |       |       |     1 |       |       |       ||     1
       Potion Petition   |       |       |       |       |       |       |     2 |       |     2 ||     4
 Abil: Dig               |     4 |     1 |     9 |    21 |    33 |    16 |    20 |    11 |    20 ||   135
       Evoke Flight      |       |       |       |       |       |       |     1 |       |       ||     1
       End Transformatio |       |       |       |       |       |       |       |       |     8 ||     8
       Evoke Thunderclou |       |       |       |       |       |       |       |       |     1 ||     1
Evoke: Box of beasts     |       |       |     1 |       |       |       |       |       |     1 ||     2
       Wand              |       |       |       |       |     1 |     4 |       |     1 |     9 ||    15
       Lamp of fire      |       |       |       |       |       |     1 |       |       |     4 ||     5
       Phial of floods   |       |       |       |       |       |       |       |     1 |     2 ||     3
       Staff of energy   |       |       |       |       |       |       |       |       |    64 ||    64
  Use: Scroll            |       |     2 |     4 |     8 |     4 |     7 |    13 |     1 |    24 ||    63
       Potion            |       |       |     2 |       |     3 |       |     1 |     2 |     7 ||    15
 Stab: Confused          |       |     3 |     8 |    33 |   115 |    35 |     9 |     8 |     6 ||   217
       Sleeping          |       |       |       |     4 |    12 |     6 |     4 |     1 |     1 ||    28
       Distracted        |       |       |       |       |     4 |     9 |     7 |    12 |    11 ||    43
       Held in net/web   |       |       |       |       |     1 |       |       |       |       ||     1
  Eat: Chunk             |     2 |     9 |     8 |    32 |       |       |       |       |       ||    51
       Ration            |       |       |     2 |     1 |    15 |    10 |     7 |     8 |     6 ||    49
Armor: Robe              |     4 |    13 |    16 |     7 |       |       |       |       |     1 ||    41
       Ring mail         |       |       |       |    28 |       |       |       |       |       ||    28
       Troll leather arm |       |       |       |    49 |   219 |   177 |    77 |   127 |   446 ||  1095
Dodge: Dodged            |    11 |    47 |    61 |   281 |   445 |   438 |   313 |   250 |   590 ||  2436
Block: Shield            |       |       |       |   197 |   420 |   197 |       |       |       ||   814
       Large shield      |       |       |       |       |       |   469 |   512 |   595 |  1848 ||  3424
       Rpst.: Falchion   |       |       |       |       |       |    36 |    44 |    64 |   118 ||   262
